 Dungeon Crawl Stone Soup version 0.29-a0-553-g81b289dbe5 (webtiles) character file.

Game seed: 4965021322053102421

1531 grumblor the Skirmisher (level 8, -3/65 HPs)
             Began as a Mummy Fighter on June 6, 2022.
             Was an Initiate of Gozag.
             Engulfed by a steam dragon's steam (7 damage)
             ... on level 7 of the Dungeon.
             The game lasted 00:07:51 (6630 turns).

grumblor the Skirmisher (Mummy Fighter)             Turns: 6630, Time: 00:07:52

Health: -3/65      AC: 16    Str: 21    XL:     8   Next: 55%
Magic:  8/8        EV:  6    Int:  7    God:    Gozag
Gold:   102        SH:  4    Dex: 12    Spells: 7/7 levels left

rFire   x . .      SeeInvis .   a - +1 war axe
rCold   + . .      Faith    .   c - +0 buckler
rNeg    + + +      Spirit   .   q - +0 plate armour
rPois   ∞          Reflect  .   j - +0 helmet
rElec   .          Harm     .   (no cloak)
rCorr   .          Rampage  .   (no gloves)
Will    +....                   d - +2 pair of boots
Stlth   ..........              k - amulet of regeneration
HPRegen 1.00/turn               (no ring)
MPRegen 0.11/turn               (no ring)

@: no status effects
A: cold resistance 1, negative energy resistance 3, torment resistance 2, heat
vulnerability 1, in touch with death 1, no potions
a: Renounce Religion, Potion Petition, Call Merchant, Bribe Branch


You were on level 7 of the Dungeon.
You worshipped Gozag.
Gozag was aware of your devotion.
You visited 1 branch of the dungeon, and saw 7 of its levels.

You collected 631 gold pieces.
You spent 420 gold pieces at shops.
You paid 109 gold pieces to Gozag.

Inventory:

Hand Weapons
 a - a +1 war axe (weapon)
Armour
 c - a +0 buckler (worn)
 d - a +2 pair of boots (worn)
 j - a +0 helmet (worn)
 q - a +0 plate armour (worn)
Jewellery
 k - an amulet of regeneration (around neck)
Wands
 g - a wand of polymorph (3)
 p - a wand of paralysis (8)
 s - a wand of flame (14)
 t - a wand of acid (20)
Scrolls
 b - 2 scrolls of torment
 e - a scroll of fog
 f - a scroll of enchant armour
 h - 2 scrolls of noise {unknown}
 i - 5 scrolls of enchant weapon
 l - a scroll of teleportation {unknown}
 m - a scroll of silence
 n - a scroll of fear {unknown}
 o - a scroll of blinking
 r - 2 scrolls of poison {unknown}
 u - a scroll of brand weapon {unknown}


   Skills:
 * Level 6.8 Fighting
 - Level 4.0 Axes
 - Level 2.0 Throwing
 * Level 5.2 Armour
 * Level 1.9 Dodging
 - Level 2.4 Shields
 * Level 2.4 Evocations


You had 7 spell levels left.
You didn't know any spells.
Your spell library contained the following spells:

 Spells                   Type           Power      Damage    Failure   Level
 Call Canine Familiar     Summ           0%         N/A       100%        3
 Portal Projectile        Hex/Tloc       0%         N/A       100%        3
 Tukima's Dance           Hex            0%         N/A       100%        3
 Leda's Liquefaction      Hex/Erth       0%         N/A       100%        4
 Malign Gateway           Summ/Tloc      0%         N/A       100%        7
 Summon Horrible Things   Summ           0%         N/A       100%        8
 Blade Hands              Tmut           Unusable   N/A       N/A         5

Dungeon Overview and Level Annotations

Branches:
Dungeon (7/15)
 Temple: D:4-7

Altars:
Gozag

Shops:
D:2 :   D:4 =


Innate Abilities, Weirdness & Mutations

You are immune to poison.
Your flesh is cold resistant. (rC+)
You are immune to negative energy. (rN+++)
You are immune to unholy pain and torment.
You are vulnerable to heat. (rF-)
You are in touch with the powers of death.
You do not drink.


Message History

You are engulfed in a cloud of scalding steam.
The steam dragon breathes steam at you. The ball of steam hits you!!
The steam scalds you terribly! The steam dragon bites you.
The steam dragon claws you but does no damage.
You are too injured to fight recklessly!
Unknown command.
You are too injured to fight recklessly!
Unknown command.
You are too injured to fight recklessly!
Unknown command.
You are too injured to fight recklessly!
The steam dragon breathes steam at you. The ball of steam hits you.
The steam scalds you terribly!
* * * LOW HITPOINT WARNING * * *
Unknown command.
Aiming: Paralyse
Press: ? - help, Shift-Dir - straight line, f - steam dragon
Aim: a steam dragon (moderately wounded, catching its breath, chance to affect: 55%)
The steam dragon resists with significant effort.
You are engulfed in a cloud of scalding steam.
You block the steam dragon's attack.
The steam dragon claws you but does no damage.
Unknown command.
Aiming: Paralyse
Press: ? - help, Shift-Dir - straight line, f/p - steam dragon
Aim: a steam dragon (moderately wounded, catching its breath, chance to affect: 55%)
The steam dragon resists with significant effort.
You are engulfed in a cloud of scalding steam.
* * * LOW HITPOINT WARNING * * *
You block the steam dragon's attack.
The steam dragon claws you but does no damage.
Unknown command.
Aiming: Paralyse
Press: ? - help, Shift-Dir - straight line, f/p - steam dragon
Aim: a steam dragon (moderately wounded, catching its breath, chance to affect: 55%)
The steam dragon resists with significant effort.
You are engulfed in a cloud of scalding steam.
You die...
Your body crumbles into a pile of gold.

##..# )...##
.....#
#....#
#....#
#..#.####
####D.......
#..@.....#
#.##§#..[# $
# #/# .##
#.# .# #
#.##.#
####.##.##.#
........##.#
####.......#
## ######..#


You could see a steam dragon (catching breath).

Vanquished Creatures
  Duvessa (D:5)
  A water moccasin (D:6)
  A black bear (D:6)
  3 ogres
  A centaur (D:7)
  A phantom (D:6)
  2 scorpions
  Dowan (D:5)
  3 jellies
  4 hounds
  2 orc priests
  4 iguanas
  Ijyb (D:5)
  An orc wizard (D:3)
  7 gnolls
  7 adders
  A white imp (D:6)
  2 ufetubi (D:6)
  9 worms
  12 orcs
  4 endoplasms
  4 goblins
  4 hobgoblins
  3 jackals (D:5)
  6 kobolds
  2 quokkas
  4 ball pythons
  2 bats (D:2)
  5 frilled lizards
  3 rats
101 creatures vanquished.

Notes
Turn   | Place    | Note
-------+----------+-------------------------------------------
     0 | D:1      | grumblor the Mummy Fighter began the quest for the Orb.
     0 | D:1      | Reached XP level 1. HP: 18/18 MP: 1/1
   809 | D:1      | Reached XP level 2. HP: 24/24 MP: 2/2
  1349 | D:2      | Gained mutation: You are in touch with the powers of death.
                  | [Mummy growth]
  1349 | D:2      | Reached XP level 3. HP: 30/30 MP: 3/3
  1403 | D:2      | Found Lievvarhe's Book Shop.
  1777 | D:3      | Reached skill level 4 in Fighting
  2103 | D:3      | Found a faded altar of an unknown god.
  2400 | D:3      | Noticed a scorpion
  2407 | D:3      | Killed a scorpion
  2408 | D:3      | Reached XP level 4. HP: 30/38 MP: 4/4
  2488 | D:3      | Reached XP level 5. HP: 42/43 MP: 5/5
  3161 | D:4      | Found Ticler's Jewellery Boutique.
  3346 | D:4      | Noticed an ogre
  3355 | D:4      | Killed an ogre
  3356 | D:4      | Reached skill level 5 in Fighting
  3356 | D:4      | Reached XP level 6. HP: 51/51 MP: 6/6
  3671 | D:5      | Entered Level 5 of the Dungeon
  3677 | D:5      | Reached skill level 1 in Evocations
  3961 | D:5      | Reached XP level 7. HP: 39/56 MP: 7/7
  4093 | D:5      | Found an opulent altar of Gozag.
  4152 | D:5      | Became a worshipper of Gozag Ym Sagoz the Greedy
  4307 | D:5      | Noticed Ijyb
  4318 | D:5      | Killed Ijyb
  4499 | D:5      | Reached skill level 1 in Throwing
  4576 | D:5      | Reached skill level 1 in Dodging
  4911 | D:5      | Noticed Dowan
  4911 | D:5      | Noticed Duvessa
  4975 | D:5      | Killed Duvessa
  5569 | D:5      | Reached skill level 6 in Fighting
  5571 | D:5      | Killed Dowan
  5857 | D:5      | Reached XP level 8. HP: 49/64 MP: 8/8
  6132 | D:4      | Bought an amulet of regeneration for 420 gold pieces
  6377 | D:6      | Reached skill level 5 in Armour
  6629 | D:7      | HP: 3/65 [steam dragon] (15)]
  6630 | D:7      | Engulfed by a steam dragon's steam

Illustrated notes

Levels and vault maps discovered:
D:1:      dpeg_arrival_oval, layout_basic, minmay_distorted
D:2:      minmay_alternating_diamond, layout_loops_ring, serial_shops, shop
D:3:      layout_loops_ring, ebering_ecumenical_altar_abandoned
D:4:      layout_gridville, nicolae_wooded_promenade, minmay_misc_feat_plants,
          kennysheep_boxes
D:5:      layout_basic, nicolae_gozag_seed_capital, minmay_misc_feat_rows,
          wad_floor_pattern_untrapped, nicolae_wormholes, uniq_duvessa,
          uniq_ijyb
D:6:      layout_cave_pools
D:7:      layout_loops_ring, minmay_temple_entry_statues_fountains, uniq_maggie

Skill      XL: |  1  2  3  4  5  6  7  8 |
---------------+-------------------------+-----
Axes           | 2 3 4 |  4.0
Fighting       | 4 5 6 |  6.8
Armour         | 3 4 5 |  5.2
Evocations     | 1 2 |  2.4
Throwing       | 1 2 |  2.0
Dodging        | 1 |  1.9
Shields        | |  2.4

Action                   |  1- 3 |  4- 6 |  7- 9 || total
-------------------------+-------+-------+-------++-------
Melee: War axe           |   125 |    68 |   162 ||   355
Throw: Throwing net      |       |       |     1 ||     1
Evoke: Wand              |       |     3 |     5 ||     8
  Use: Scroll            |     5 |       |     3 ||     8
 Stab: Paralysed         |       |     4 |       ||     4
       Distracted        |       |       |     1 ||     1
Armor: Chain mail        |    76 |     4 |       ||    80
       Scale mail        |     2 |       |       ||     2
       Plate armour      |       |    34 |   145 ||   179
Dodge: Dodged            |    42 |    12 |    50 ||   104
Block: Buckler           |    19 |     9 |    47 ||    75

Table legend: (Time is in decaauts)
 A = Elapsed time spent in this place.
 B = Non-inter-level travel time spent in this place.
 C = Inter-level travel time spent in this place.
 D = Time resting spent in this place.
 E = Time spent auto-exploring this place.
 F = Levels seen in this place.
 G = Mean time per level.
                   A        B        C        D        E       F      G
               +--------+--------+--------+--------+--------+-----+--------+
         Total |   6766 |   6420 |    346 |    600 |   4777 |   7 |  966.6 |
       Dungeon |   6766 |   6420 |    346 |    600 |   4777 |   7 |  966.6 |
               +--------+--------+--------+--------+--------+-----+--------+

Top non-repeatable levels by time:
     D:5: 2303 daAuts
     D:4: 1081 daAuts
     D:3: 912 daAuts
     D:1: 901 daAuts
     D:2: 897 daAuts
     D:6: 572 daAuts
     D:7: 97 daAuts
